 Dungeon Crawl Stone Soup version 0.24.0-123-gd5b16e6ec5 (webtiles) character file.

Game seed: 10205361433260956110, levelgen mode: deterministic

47 ANON1729 the Ducker (level 3, -2/28 HPs)
             Began as a Demonspawn Gladiator on Jan 5, 2020.
             Slain by a worm (11 damage)
             ... on level 2 of the Dungeon.
             The game lasted 00:01:31 (838 turns).

ANON1729 the Ducker (Demonspawn Gladiator)           Turns: 838, Time: 00:01:31

Health: -2/28      AC:  6    Str: 15    XL:     3   Next: 48%
Magic:  3/3        EV: 13    Int:  9    God:
Gold:   57         SH:  0    Dex: 14    Spells: 2/2 levels left

rFire    . . .     SeeInvis .   a - +0 quarterstaff
rCold    . . .     Gourm    .   (shield currently unavailable)
rNeg     . . .     Faith    .   b - +0 leather armour
rPois    .         Spirit   .   c - +0 helmet
rElec    .         Reflect  .   (no cloak)
rCorr    .         Harm     .   (no gloves)
MR       .....                  (no boots)
Stlth    +.........             (no amulet)
HPRegen  0.09/turn              (no ring)
MPRegen  0.08/turn              (no ring)

@: lethally poisoned (-2 -> -4)
A: iridescent scales 1, demonic guardian 1
a: no special abilities


You were on level 2 of the Dungeon.
You were not hungry.

You visited 1 branch of the dungeon, and saw 2 of its levels.

You collected 57 gold pieces.

Inventory:

Hand Weapons
 a - a +0 quarterstaff (weapon)
Missiles
 d - 4 throwing nets (quivered)
Armour
 b - a +0 leather armour (worn)
 c - a +0 helmet (worn)
Scrolls
 e - 2 scrolls of teleportation {unknown}
 h - a scroll of fear {unknown}
 i - 2 scrolls of fog {unknown}
Potions
 g - 3 potions of lignification {unknown}
Comestibles
 f - 2 rations


   Skills:
 + Level 2.5 Fighting
 + Level 3.1 Staves
 + Level 2.3 Throwing
 + Level 3.1 Dodging


You had 2 spell levels left.
You didn't know any spells.
Your spell library was empty.

Dungeon Overview and Level Annotations

Branches:
Dungeon (2/15)

Altars:


Innate Abilities, Weirdness & Mutations

You are partially covered in iridescent scales. (AC +2)
A weak demonic guardian rushes to your aid.


Message History

A frilled lizard and a worm come into view.
The frilled lizard hisses angrily.
Found a stone staircase leading down.
There are monsters nearby!
There are monsters nearby!
You are too injured to fight recklessly!
A giant cockroach comes into view.
You feel sick.
Found an escape hatch in the floor.
You hit the worm.
The worm is moderately wounded.
The frilled lizard bites you.
You hit the worm.
The worm is heavily wounded.
The worm closely misses you. The frilled lizard closely misses you.
You sock the worm!
The worm is severely wounded.
The frilled lizard bites you but does no damage.
The worm bites you!
You die...

#...# ###.###### #...#
#......... #(#.#
#......... #.#..#####
##..(......
>.........####.....<..†.
#.##.##?...#............
#............##.........
#.......#.#....#########
#>....l@#....#.#
#.....w#####.#)# .......
..... ....... #......
##$.... #....... #.....
#........ #.....
#......... ....##


You could see a worm and a frilled lizard.

Vanquished Creatures
  An adder (D:2)
  A dart slug (D:1)
  A leopard gecko (D:1)
  5 bats
  A giant cockroach (D:2)
  A goblin (D:1)
  5 hobgoblins (D:1)
  3 jackals (D:1)
  12 frilled lizards
  4 kobolds
  3 rats (D:1)
37 creatures vanquished.

Notes
Turn   | Place    | Note
-------+----------+-------------------------------------------
     0 | D:1      | ANON1729 the Demonspawn Gladiator began the quest for the
                  | Orb.
     0 | D:1      | Reached XP level 1. HP: 16/16 MP: 1/1
    95 | D:1      | Gained mutation: A weak demonic guardian rushes to your
                  | aid. [demonic ancestry]
    95 | D:1      | Reached XP level 2. HP: 9/22 MP: 2/2
   660 | D:1      | Gained mutation: You are partially covered in iridescent
                  | scales. (AC +2) [demonic ancestry]
   660 | D:1      | Reached XP level 3. HP: 9/28 MP: 3/3
   772 | D:2      | Found a faded altar of an unknown god.
   838 | D:2      | Slain by a worm

Levels and vault maps discovered:
D:1:      onia_arrival_mini_spirals, layout_loops_ring, minmay_lizard_king
D:2:      layout_rooms, chequers_ecumenical_altar_simple

Skill      XL: |  1  2 |
---------------+-------+-----
Throwing       | 2 |  2.3
Dodging        | 3 |  3.1
Staves         | 3 |  3.1
Fighting       | |  2.5

Action                   || total
-------------------------++-------
Melee: Quarterstaff      ||   113
 Stab: Sleeping          ||     1
Armor: Leather armour    ||    47
Dodge: Dodged            ||    83
